 Dungeon Crawl Stone Soup version 0.17.0-28-g6e173f8 (webtiles) character file.

8320 Ithica the Reanimator (level 11, -1/75 HPs)
             Began as a Demonspawn Necromancer on Nov 23, 2015.
             Was a Priest of Yredelemnul.
             Shot with an arrow of flame by a centaur warrior (8 damage)
             ... on level 12 of the Dungeon on Nov 24, 2015.
             The game lasted 02:13:12 (13606 turns).

Ithica the Reanimator (Demonspawn Necromancer)     Turns: 13606, Time: 02:13:13

Health: -1/75      AC:  9    Str: 10    XL:     11   Next: 8%
Magic:  24/24      EV: 13    Int: 19    God:    Yredelemnul [***...]
Gold:   308        SH:  3    Dex: 13    Spells: 5 memorised, 17 levels left

rFire  . . .     SeeInvis .     Y - +1 morningstar (drain)
rCold  + . .     Clarity  .     R - +0 leather armour
rNeg   . . .     SustAt   .     d - +0 buckler
rPois  .         Gourm    .     (helmet restricted)
rElec  +         Spirit   .     m - +1 cloak
rCorr  .         Warding  .     (no gloves)
rMut   .         Stasis   .     (no boots)
MR     .....                    J - amulet of regeneration
Stlth  ++........               (no ring)
                                (no ring)

@: not resistant to hostile enchantments, unstealthy
A: horns 1, thin metallic scales 3, cold resistance 1, demonic guardian 2,
freezing cloud immunity
a: Recall Undead Slaves, Injury Mirror, Animate Dead, Renounce Religion


You were on level 12 of the Dungeon.
You worshipped Yredelemnul.
Yredelemnul was most pleased with you.
You were hungry.

You visited 1 branch of the dungeon, and saw 11 of its levels.

You collected 537 gold pieces.
You spent 229 gold pieces at shops.

Inventory:

Hand Weapons
 e - a +0 shortbow
 h - a +0 falchion of protection
 i - a +1 dagger of holy wrath
 o - a +0 hunting sling
 r - a +0 rapier
 v - a +0 falchion
 B - a +0 flail
 M - a +0 short sword
 N - a +0 shortbow of evasion
 Q - a +0 morningstar
 T - a +0 halberd
 U - a +1 falchion of freezing
 Y - a +1 morningstar of draining (weapon)
Missiles
 w - 19 tomahawks (quivered)
 E - 251 stones
 O - 152 arrows
 S - 16 arrows of dispersal
Armour
 a - a +0 robe
 d - a +0 buckler (worn)
 m - a +1 cloak (worn)
 y - a +0 leather armour
 R - a +0 leather armour (worn)
Jewellery
 J - an amulet of regeneration (around neck)
 W - an uncursed ring of magical power {unknown}
Wands
 k - a wand of draining (3)
 t - a wand of flame (40)
 x - a wand of slowing (3)
 C - a wand of magic darts (14)
 G - a wand of paralysis (7)
 V - a wand of paralysis (15)
 X - a wand of enslavement (13)
Scrolls
 l - 6 scrolls of remove curse
 n - 4 scrolls of identify
 p - 2 scrolls of fog
 I - a scroll of enchant weapon
 L - 6 scrolls of teleportation
 P - a scroll of recharging
 Z - a scroll of torment {unknown}
Potions
 f - a potion of ambrosia
 g - 3 potions of curing
 s - a potion of lignification
 z - a potion of poison
 H - 2 potions of haste
 K - 3 potions of invisibility
Books
 b - a book of Necromancy

   Spells                             Type                      Level
   a - Pain                           Necromancy                   1
   b - Animate Skeleton               Necromancy                   1
   c - Vampiric Draining              Necromancy                   3
   d - Regeneration                   Charms/Necromancy            3
   e - Animate Dead                   Necromancy                   4
   f - Control Undead                 Necromancy                   4
 F - a book of Unlife

   Spells                             Type                      Level
   a - Recall                         Summoning/Translocation      3
   b - Animate Dead                   Necromancy                   4
   c - Control Undead                 Necromancy                   4
   d - Cigotuvi's Embrace             Necromancy                   5
   e - Death Channel                  Necromancy                   6
   f - Simulacrum                     Ice/Necromancy               6
Miscellaneous
 u - a fan of gales
Comestibles
 c - 6 bread rations
 j - a beef jerky
 q - 2 slices of pizza
 A - 19 fruits
 D - 2 meat rations


   Skills:
 + Level 3.0 Fighting
 - Level 2.5 Long Blades
 - Level 0.1 Maces & Flails
 + Level 0.5 Throwing
 + Level 3.1 Armour
 + Level 5.2 Dodging
 + Level 3.4 Stealth
 + Level 9.7 Spellcasting
 + Level 1.1 Charms
 + Level 11.4 Necromancy
 + Level 5.3 Invocations
 + Level 0.2 Evocations


You had 17 spell levels left.
You knew the following spells:

 Your Spells              Type           Power        Failure   Level  Hunger
a - Pain                  Necr           ####         1%          1    None
b - Animate Skeleton      Necr           N/A          1%          1    None
c - Vampiric Draining     Necr           ######....   1%          3    None
d - Regeneration          Chrm/Necr      ####......   4%          3    None
e - Control Undead        Necr           ######....   1%          4    ###....


Dungeon Overview and Level Annotations

Branches:
Dungeon (12/15)            Temple (0/1) D:6            Lair (0/8) D:10
    Orc (0/4) D:12

Altars:
Cheibriados
Dithmenos
Okawaru
Qazlal
Trog
Vehumet
Xom
Yredelemnul
Zin
The Shining One

Shops:
D:6 *

Annotations:
D:8 1 exclusion


Innate Abilities, Weirdness & Mutations

You have a pair of small horns on your head.
You are completely covered in thin metallic scales (AC +4, rElec).
Your flesh is cold resistant.
A demonic guardian rushes to your aid.
You are immune to freezing clouds.


Message History

The centaur warrior shoots an arrow of flame.
The arrow of flame closely misses your soul eater.
The arrow of flame hits you. The arrow of flame burns you.
Your soul eater hits the centaur warrior!!
You see here an arrow of flame.
The centaur warrior shoots an arrow of flame.
The arrow of flame closely misses your soul eater.
The arrow of flame hits you! The arrow of flame burns you.
Your soul eater hits the centaur warrior!!
The centaur warrior unwields an uncursed shortbow.
The centaur warrior hits your soul eater but does no damage.
Your soul eater barely misses the centaur warrior.
The centaur warrior wields an uncursed shortbow.
The centaur warrior shoots an arrow of flame.
The arrow of flame barely misses your soul eater.
The arrow of flame hits you!
* * * LOW HITPOINT WARNING * * *
The arrow of flame burns you!
You die...
Your body rises from the dead as a mindless zombie.

#################
#................ ....
#................ ....
#.......<........ ....
#................ ...
#....c3(@(..(.... ..
#########(###############
#...# #...#.........#...
#...# #...'.........#...
#...# #...#.........#...
#...#+##..#####'######..#
#.....#.......#......#..#
#.....'.......#......#..#
#.....#.......#......#..#


You could see a centaur warrior and a friendly soul eater.

Vanquished Creatures
  An elephant (D:10)
  A centaur zombie (D:12)
  A two-headed ogre (D:10)
  A shadow (D:11)
  9 yaks
  3 hippogriffs
  3 wyverns (D:11)
  A human (D:2)
  A water moccasin (D:10)
  Duvessa (D:4)
  2 sky beasts
  2 black bears
  2 phantoms
  2 ogres
  A big kobold (D:8)
  2 centaurs
  2 giant frogs
  A sheep (D:10)
  Dowan (D:4)
  2 scorpions (D:5)
  A wight (D:9)
  3 hounds
  A jelly (D:5)
  5 orc wizards
  A giant frog skeleton (D:9)
  10 worker ants
  2 iguanas
  A hound zombie (D:6)
  13 adders
  A shadow imp (D:5)
  An ooze (D:4)
  A worm (D:2)
  2 adder skeletons
  3 giant geckos
  23 orcs
  4 bats
  4 giant cockroaches
  6 goblins
  8 hobgoblins
  5 jackals
  3 quokkas
  3 ball pythons
  A giant cockroach zombie (D:3)
  2 giant gecko skeletons (D:3)
  6 giant newts
  10 kobolds
  A quokka zombie (D:9)
  9 rats
169 creatures vanquished.

Vanquished Creatures (collateral kills)
  Erolcha (D:8)
  A manticore (D:11)
  An ugly thing (D:11)
  The ghost of Rationalist the Shield-Bearer, a novice FoFi (D:8)
  The ghost of grerr the Sneak, an amateur OpAK of Lugonu (D:4)
  A wyvern (D:9)
  9 yaks
  A hippogriff (D:9)
  2 ice beasts
  An orc warrior (D:9)
  2 black bears
  3 centaurs
  5 ogres
  A phantom (D:10)
  A big kobold (D:9)
  A scorpion (D:6)
  4 wights
  5 killer bees (D:11)
  2 crimson imps (D:8)
  2 hounds (D:9)
  3 orc priests
  A giant frog zombie (D:9)
  2 centaur skeletons
  An iguana (D:5)
  A jelly (D:11)
  2 orc wizards (D:11)
  3 worker ants
  A sheep (D:10)
  3 gnolls (D:9)
  4 adders
  2 adder skeletons
  An adder zombie (D:8)
  13 orcs
  A goblin (D:1)
  A jackal (D:8)
  4 kobolds (D:9)
  A bat (D:2)
  A giant gecko skeleton (D:8)
  A rat (D:2)
  A plant (D:1)
92 creatures vanquished.

Vanquished Creatures (others)
  3 flying skulls (D:10)
  A water moccasin zombie (D:10)
  2 wyvern zombies (D:11)
  2 yak zombies (D:9)
  A wight (D:11)
  A centaur zombie (D:8)
  2 black bear zombies
  2 hound zombies
  An adder zombie (D:11)
  A jackal (D:8)
  A jackal zombie (D:4)
  2 kobold zombies (D:9)
  5 orc zombies
  A quokka zombie (D:5)
25 creatures vanquished.

Grand Total: 286 creatures vanquished

Notes
Turn   | Place    | Note
--------------------------------------------------------------
     0 | D:1      | Ithica the Demonspawn Necromancer began the quest for the Orb.
     0 | D:1      | Reached XP level 1. HP: 13/13 MP: 3/3
    53 | D:1      | Learned a level 1 spell: Animate Skeleton
   479 | D:1      | Gained mutation: A weak demonic guardian rushes to your aid. [demonic ancestry]
   479 | D:1      | Reached XP level 2. HP: 14/19 MP: 1/5
  1085 | D:2      | Reached skill level 5 in Necromancy
  1085 | D:2      | Gained mutation: You are partially covered in thin metallic scales (AC +2). [demonic ancestry]
  1085 | D:2      | Reached XP level 3. HP: 21/24 MP: 1/6
  1432 | D:2      | Found a runed door.
  1432 | D:2      | Noticed a human
  1438 | D:2      | Found a basalt altar of Yredelemnul.
  1495 | D:2      | Killed a human
  1495 | D:2      | Gained mutation: You are mostly covered in thin metallic scales (AC +3). [demonic ancestry]
  1495 | D:2      | Reached XP level 4. HP: 13/31 MP: 1/9
  1495 | D:2      | Reached XP level 5. HP: 15/36 MP: 1/10
  1571 | D:2      | Became a worshipper of Yredelemnul the Dark
  1992 | D:2      | Found a snail-covered altar of Cheibriados.
  2248 | D:3      | Reached skill level 6 in Necromancy
  2307 | D:3      | Found a bloodstained altar of Trog.
  2312 | D:3      | Found a shadowy altar of Dithmenos.
  2318 | D:3      | Found a stormy altar of Qazlal.
  2318 | D:3      | Found an iron altar of Okawaru.
  2333 | D:3      | Found a radiant altar of Vehumet.
  2868 | D:3      | Found a shimmering altar of Xom.
  2869 | D:3      | Noticed an angel
  2876 | D:3      | Found a glowing silver altar of Zin.
  3117 | D:3      | Reached * piety under Yredelemnul
  3409 | D:4      | Noticed an ogre
  3458 | D:4      | Noticed grerr's ghost (amateur OpAK)
  3478 | D:4      | Killed grerr's ghost
  3478 | D:4      | Gained mutation: You are completely covered in thin metallic scales (AC +4, rElec). [demonic ancestry]
  3478 | D:4      | Reached XP level 6. HP: 31/42 MP: 10/12
  3598 | D:4      | Noticed Duvessa
  3600 | D:4      | Noticed Dowan
  3622 | D:4      | Killed Duvessa
  3622 | D:4      | Reached skill level 1 in Armour
  3630 | D:4      | Killed Dowan
  3763 | D:4      | Your ally Dowan died
  3860 | D:4      | Killed an ogre
  3860 | D:4      | Gained mutation: A demonic guardian rushes to your aid. [demonic ancestry]
  3860 | D:4      | Reached XP level 7. HP: 29/47 MP: 9/14
  4005 | D:4      | Noticed a phantom
  4032 | D:4      | Killed a phantom
  4032 | D:4      | Reached skill level 5 in Spellcasting
  4032 | D:4      | Reached skill level 7 in Necromancy
  4248 | D:5      | Entered Level 5 of the Dungeon
  4956 | D:5      | Learned a level 3 spell: Vampiric Draining
  4960 | D:5      | Learned a level 3 spell: Regeneration
  4965 | D:5      | Learned a level 4 spell: Control Undead
  5015 | D:5      | Gained mutation: You have a pair of small horns on your head. [demonic ancestry]
  5015 | D:5      | Reached XP level 8. HP: 53/53 MP: 9/17
  5692 | D:5      | Reached skill level 8 in Necromancy
  5915 | D:6      | Reached skill level 1 in Invocations
  6173 | D:6      | Reached ** piety under Yredelemnul
  6502 | D:6      | Found Qutsaovi's Assorted Antiques.
  6508 | D:6      | Reached skill level 1 in Fighting
  6615 | D:6      | Bought 2 potions of curing for 174 gold pieces
  6615 | D:6      | Bought a scroll labeled MONIGUO POTUSHEDGH for 29 gold pieces
  6615 | D:6      | Bought a smoky cyan potion for 26 gold pieces
  6735 | D:6      | Found a staircase to the Ecumenical Temple.
  7095 | D:6      | You fall through a shaft for 2 floors!
  7465 | D:8      | Noticed Rationalist's ghost (novice FoFi)
  7470 | D:8      | Killed Rationalist's ghost
  7470 | D:8      | Reached skill level 9 in Necromancy
  7562 | D:8      | Noticed Erolcha
  7562 | D:8      | Paralysed by Erolcha for 6 turns
  7574 | D:8      | Killed Erolcha
  7574 | D:8      | Reached skill level 1 in Long Blades
  7574 | D:8      | Reached skill level 1 in Charms
  7574 | D:8      | Gained mutation: Your flesh is cold resistant. [demonic ancestry]
  7574 | D:8      | Reached XP level 9. HP: 56/59 MP: 18/20
  7890 | D:8      | Found a glowing golden altar of the Shining One.
  7904 | D:8      | Found a basalt altar of Yredelemnul.
  7906 | D:8      | Noticed a profane servitor
  7924 | D:8      | Noticed an angel
  8701 | D:9      | Reached skill level 10 in Necromancy
  9259 | D:9      | Reached *** piety under Yredelemnul
  9339 | D:9      | Received a gift from Yredelemnul
  9527 | D:9      | Gained mutation: You are immune to freezing clouds. [demonic ancestry]
  9527 | D:9      | Reached XP level 10. HP: 67/67 MP: 22/22
  9723 | D:10     | Entered Level 10 of the Dungeon
  9859 | D:10     | Found a staircase to the Lair.
  9860 | D:10     | Noticed an elephant
  9963 | D:10     | Killed an elephant
 11039 | D:10     | Reached skill level 11 in Necromancy
 11510 | D:11     | Noticed a manticore
 12071 | D:11     | Reached **** piety under Yredelemnul
 12078 | D:11     | Killed a manticore
 12120 | D:11     | Received a gift from Yredelemnul
 12541 | D:11     | Reached skill level 5 in Invocations
 12668 | D:11     | Reached skill level 5 in Dodging
 12688 | D:11     | Noticed a green ugly thing
 12698 | D:11     | Killed a green ugly thing
 12875 | D:11     | Reached XP level 11. HP: 72/74 MP: 24/24
 13466 | D:12     | Found a staircase to the Orcish Mines.
 13598 | D:12     | Noticed a centaur warrior
 13606 | D:12     | Shot with an arrow of flame by a centaur warrior

Action                   |  1- 3 |  4- 6 |  7- 9 | 10-12 || total
-------------------------+-------+-------+-------+-------++-------
Melee: Short sword       |     4 |       |       |       ||     4
       Falchion          |       |    21 |    57 |   190 ||   268
       Flail             |       |       |    29 |       ||    29
       Morningstar       |       |       |       |    50 ||    50
Throw: Tomahawk          |       |       |     6 |     3 ||     9
 Cast: Pain              |    46 |    74 |   179 |    13 ||   312
       Animate Skeleton  |    16 |    11 |    10 |     2 ||    39
       Control Undead    |       |       |    12 |     1 ||    13
       Vampiric Draining |       |       |    13 |    38 ||    51
       Regeneration      |       |       |     5 |       ||     5
Invok: Animate Remains   |       |       |    20 |       ||    20
       Animate Dead      |       |       |     1 |    10 ||    11
Evoke: Wand              |       |     1 |     1 |       ||     2
  Use: Potion            |     1 |     1 |     3 |     6 ||    11
       Scroll            |     2 |     4 |     6 |     2 ||    14
 Stab: Distracted        |       |       |     1 |     6 ||     7
       Sleeping          |       |       |       |     3 ||     3
  Eat: Chunk             |     2 |     3 |     5 |     5 ||    15
       Bread ration      |       |     1 |     1 |       ||     2
       Meat ration       |       |       |     2 |     1 ||     3
       Fruit             |       |       |     1 |     6 ||     7
